 Dungeon Sprint DCSS version 0.18.1-5-g4a78601 (webtiles) character file.

259 pipel the Prestidigitator (level 5, -5/78 HPs)
             Began as a Deep Dwarf Berserker on May 9, 2016.
             Was a Priest of Trog.
             Slain by a queen bee (12 damage)
             ... in the Dungeon (Sprint IV: "Fedhas' Mad Dash").
             The game lasted 00:02:34 (297 turns).

pipel the Prestidigitator (Deep Dwarf Berserker)     Turns: 297, Time: 00:02:35

Health: -5/78      AC:  3    Str: 26    XL:     5   Next: 95%
Magic:  7/13       EV: 13    Int:  8    God:    Trog [***...]
Gold:   52         SH:  0    Dex: 12    Spells: 0 memorised, 4 levels left

rFire  . . .     SeeInvis .     a - +0 hand axe
rCold  . . .     Gourm    .     b - +0 animal skin
rNeg   . . .     Faith    .     (no shield)
rPois  .         Spirit   .     (no helmet)
rElec  .         Dismiss  .     n - +0 cloak {+Inv}
rCorr  .         Reflect  .     (no gloves)
SustAt .         Harm     .     (no boots)
MR     .....     NoTele   +     (no amulet)
Stlth  ..........               (no ring)
                                (no ring)

@: berserking (expiring), lethally poisoned (-5 -> -23), very slightly
contaminated, non-regenerating, very quick, not resistant to hostile
enchantments, extremely unstealthy
A: damage resistance, recharge devices, sense surroundings 1, slow regeneration
3
a: Device Recharging, Berserk, Trog's Hand, Burn Spellbooks, Renounce Religion,
Evoke Invisibility


You were in the Dungeon.
You worshipped Trog.
Trog was most pleased with you.
You were not hungry.

You visited 1 branch You collected 52 gold pieces.

Inventory:

Hand Weapons
 a - a +0 hand axe (weapon)
Armour
 b - a +0 animal skin (worn)
 n - a +0 cloak of invisibility (worn)
Wands
 c - a wand of heal wounds (5/9)
Scrolls
 j - a scroll of blinking
 m - a scroll of identify {unknown}
Potions
 e - a potion of curing
 g - a potion of haste
 h - 2 potions of magic
 i - a potion of berserk rage
 k - 2 potions of agility {unknown}


   Skills:
 - Level 5.0 Fighting
 - Level 6.0 Axes
 - Level 3.4 Armour
 - Level 3.3 Dodging
 + Level 12.3 Evocations


You had 4 spell levels left.
You didn't know any spells.

Dungeon Overview and Level Annotations

Branches:
Dungeon (1/1)

Altars:


Innate Abilities, Weirdness & Mutations

You are resistant to damage.
You can recharge devices by infusing magical energy.
You passively map a small area around you.
You do not regenerate naturally.


Message History

The queen bee is heavily wounded.
You hit the queen bee.
The queen bee is severely wounded.
The queen bee stings you!
* * * LOW HITPOINT WARNING * * *
You take 14 damage, and have 16/78 hp.
Unknown command.
You barely miss the queen bee.
The queen bee is severely wounded.
The queen bee stings you!
* * * LOW HITPOINT WARNING * * *
You are lethally poisoned!
The queen bee poisons you!
You take 7 damage, and have 9/78 hp.
Unknown command.
You barely miss the queen bee.
The queen bee is severely wounded.
* * * LOW HITPOINT WARNING * * *
You feel sick. The queen bee stings you!
You die...

##################
#<..P#.....#.....#
#PP..'.÷...'.#.[.+,
#PPPP#.....#.#...#
###############'##
,
#...♣†.......'...#
#%..†@.♣.....#...#
#...y.♣..♣..######
** ##+####+##### ,
, , * , * * * ** *
* * ** * , ,,,, , ∩
, ,


You could see a queen bee.

Vanquished Creatures
  4 killer bees (D)
  2 oklob saplings (D)
  A worker ant (D)
  A river rat (D)
  A rat (D)
9 creatures vanquished.

Notes
Turn   | Place    | Note
--------------------------------------------------------------
     0 | D        | pipel the Deep Dwarf Berserker began the quest for the Orb.
     0 | D        | Reached XP level 1. HP: 20/20 MP: 1/1
    10 | D        | Reached ** piety under Trog
    10 | D        | Reached XP level 2. HP: 28/28 MP: 2/2
    56 | D        | Noticed an oklob sapling
    62 | D        | Killed an oklob sapling
    62 | D        | Reached skill level 5 in Axes
    62 | D        | Reached XP level 3. HP: 37/37 MP: 3/3
   100 | D        | Reached skill level 5 in Fighting
   151 | D        | Noticed an oklob sapling
   155 | D        | Killed an oklob sapling
   155 | D        | Reached skill level 4 in Evocations
   155 | D        | Reached XP level 4. HP: 46/46 MP: 1/7
   275 | D        | Noticed a queen bee
   283 | D        | Reached skill level 7 in Evocations
   287 | D        | Reached skill level 10 in Evocations
   287 | D        | Reached XP level 5. HP: 46/52 MP: 6/12
   287 | D        | Reached *** piety under Trog
   287 | D        | Reached skill level 11 in Evocations
   291 | D        | Reached skill level 12 in Evocations
   297 | D        | Slain by a queen bee

Skill      XL: |  1  2  3  4  5 |
---------------+----------------+-----
Fighting       | 3 4 5 |  5.0
Axes           | 4 5 6 |  6.0
Armour         | 3 |  3.4
Dodging        | 3 |  3.3
Evocations     | 4 10 12 | 12.3

Action                   |  1- 3 |  4- 6 || total
-------------------------+-------+-------++-------
Melee: Hand axe          |    12 |    17 ||    29
Invok: Berserk           |     4 |     1 ||     5
 Abil: Evoke Invisibilit |     1 |     1 ||     2
  Use: Potion            |     1 |       ||     1
 Stab: Invisible         |       |     4 ||     4
  Eat: Chunk             |     1 |       ||     1
       Bread ration      |       |     1 ||     1
Dodge: Dodged            |     4 |    10 ||    14
